 Dungeon Crawl Stone Soup version 0.31-a0-986-g5e6e4ef867 (webtiles) character file.

Game seed: 11831544137176953337

41 sokol815 the Sneak (level 3, 0/24 HPs)
             Began as an Octopode Brigand on Nov 3, 2023.
             Slain by a gnoll
             ... wielding a +0 spear of flaming
              (1 damage)
             ... on level 3 of the Dungeon.
             The game lasted 00:02:01 (1663 turns).

sokol815 the Sneak (Octopode Brigand)               Turns: 1663, Time: 00:02:02

Health: 0/24       AC:  1    Str: 10    XL:     3   Next: 52%
Magic:  3/3        EV: 12    Int: 13    God:
Gold:   130        SH:  0    Dex: 15    Spells: 2/2 levels left

rFire   . . .        a - +2 dagger
rCold   . . .        (no shield)
rNeg    . . .        (helmet restricted)
rPois   .            (no amulet)
rElec   .            (no ring)
rCorr   .            (no ring)
SInv    .            (no ring)
Will    .....        (no ring)
Stlth   ++++         (no ring)
HPRegen 0.24/turn    (no ring)
MPRegen 0.08/turn    (no ring)
                     (no ring)

%: no passive effects
@: no status effects
A: almost no armour, amphibious, 8 rings, camouflage 1, gelatinous body 1,
(nimble swimmer 1), tentacles
a: no special abilities


You were on level 3 of the Dungeon.
You visited 1 branch of the dungeon, and saw 3 of its levels.

You collected 130 gold pieces.

Inventory:

Hand Weapons
 a - a +2 dagger (weapon)
 l - a +0 rapier
   (You found it on level 2 of the Dungeon)
Missiles
 b - 9 poisoned darts
 c - 3 curare-tipped darts
 k - 4 boomerangs
 s - 28 stones
Scrolls
 d - a scroll of butterflies {unknown}
 f - 2 scrolls of teleportation {unknown}
 g - 2 scrolls of noise {unknown}
 h - a scroll of poison {unknown}
 m - a scroll of fear {unknown}
 D - a scroll of blinking {!r}
Potions
 H - a potion of haste
 I - a potion of invisibility
 J - a potion of curing {@q1}


   Skills:
 - Level 2.0 Fighting
 * Level 3.3 Short Blades
 - Level 2.0 Throwing
 - Level 1.0 Dodging
 + Level 5.9 Stealth


You had 2 spell levels left.
You didn't know any spells.
Your spell library was empty.

Dungeon Overview and Level Annotations

Branches:
Dungeon (3/15) Zot: 16340

Altars:

Shops:
D:1 !


Innate Abilities, Weirdness & Mutations

You cannot wear most types of armour.
You are amphibious.
You can wear up to eight rings at the same time.
Your skin changes colour to match your surroundings (Stealth+).
Your rubbery body absorbs attacks. (AC +1, EV +1)
((You are camouflaged when in or above water. (Stealth+)))
You have tentacles for arms and can constrict up to eight enemies at once.


Message History

The helpless ball python fails to defend itself.
You impale the ball python!!
You kill the ball python!
No target in view!
You see here a ball python corpse.
A ball python comes into view.
The ball python hisses angrily.
You hit the ball python. You grab the ball python.
You constrict the ball python.
You kill the ball python!
No target in view!
No target in view!
You open the door.
There is an open door here.
You see here a +0 leather armour.
There is an open door here.
You see here a +0 leather armour.
Done exploring.
There is a stone staircase leading down here.
You climb downwards.
Found a ring mail, a sling and 9 gold pieces.
Found an escape hatch in the ceiling.
There is a stone staircase leading up here.
There are monsters nearby!
The helpless orc fails to defend itself.
You impale the orc!!
You kill the orc!
Things that are here:
a +0 club; a +0 ring mail; an orc corpse You see here a +0 sling.
The helpless rat fails to defend itself.
You skewer the rat like a kebab!!!
You kill the rat!
No target in view!
There is a stone staircase leading up here.
Found a stone staircase leading up.
You now have 94 gold pieces (gained 9).
Found a stone staircase leading up.
Found a stone staircase leading down.
No target in view!
There is a stone staircase leading down here.
You now have 106 gold pieces (gained 12).
You now have 116 gold pieces (gained 10).
e - a scroll of identify {@r1}
As you read the scroll of identify {@r1}, it crumbles to dust.
i - a scroll of blinking;
D - a scroll of blinking You now have 130 gold pieces (gained 14).
A giant cockroach comes into view.
Found a stone staircase leading down.
A gnoll comes into view. It is wielding a +0 spear of flaming.
A gnoll comes into view. It is wielding a +0 whip.
A gnoll comes into view. It is wielding a +0 flail.
The giant cockroach bites you.
You take 1 damage, and have 23/24 hp.
The giant cockroach misses you.
Health restored: 24 A giant cockroach comes into view.
The giant cockroach bites you.
You take 2 damage, and have 22/24 hp.
The giant cockroach attacks as it pursues you!
The giant cockroach bites you but does no damage.
The giant cockroach attacks as it pursues you!
The giant cockroach closely misses you.
Health restored: 24 The giant cockroach closely misses you.
The giant cockroach attacks as it pursues you!
The giant cockroach closely misses you.
The giant cockroach attacks as it pursues you!
The giant cockroach closely misses you. The giant cockroach bites you.
There is a stone staircase leading up here.
You take 1 damage, and have 23/24 hp.
The giant cockroach barely misses you.
You climb upwards.
There is a stone staircase leading down here.
You hit the giant cockroach. You grab the giant cockroach.
You constrict the giant cockroach. The giant cockroach bites you.
You take 2 damage, and have 21/24 hp.
You hit the giant cockroach.
You kill the giant cockroach!
No target in view!
You climb downwards.
The gnoll closely misses you.
There is a stone staircase leading up here.
The gnoll hits you with a +0 spear of flaming.
The gnoll burns you.
You take 6 damage, and have 16/24 hp.
MASSIVE DAMAGE!!
You closely miss the gnoll. You grab the gnoll. You constrict the gnoll.
The gnoll hits you with a +0 spear of flaming!
The gnoll burns you.
* * * LOW HITPOINT WARNING * * *
You take 10 damage, and have 6/24 hp.
MASSIVE DAMAGE!!
You hit the gnoll.
You constrict the gnoll, but do no damage.
You hit the gnoll. You constrict the gnoll.
The gnoll hits you with a +0 spear of flaming.
* * * LOW HITPOINT WARNING * * *
The gnoll burns you.
You die...

...#... ..##........#
##.B.#####.##........#
....).....^..........#
##.###..##...........#
.....................#
........#####........#
..........# #.....<†.#
.......##.# #..g.[)..#
.......##.# #...@....#
.......##.# #...<....#
.......##.# ##..######
.......##.# #...#
.......##># ##..#
.########.## #..##
....# #..# #...#
###.### ##.## ##..#
#...# #..####..#####


You could see a gnoll.

Vanquished Creatures
  An adder (D:2)
  2 dart slugs
  An orc (D:3)
  2 endoplasms
  2 giant cockroaches
  2 goblins (D:2)
  3 hobgoblins
  A quokka (D:1)
  4 ball pythons
  2 bats (D:1)
  2 kobolds
  5 rats
27 creatures vanquished.

Notes
Turn   | Place    | Note
-------+----------+-------------------------------------------
     0 | D:1      | sokol815 the Octopode Brigand began the quest for the Orb.
     0 | D:1      | Reached XP level 1. HP: 14/14 MP: 1/1
   151 | D:1      | Found Oroch's Distillery.
   330 | D:1      | Reached XP level 2. HP: 14/19 MP: 2/2
  1082 | D:2      | Reached skill level 3 in Short Blades
  1244 | D:2      | Reached XP level 3. HP: 24/24 MP: 3/3
  1661 | D:3      | HP: 6/24 [gnoll/+0 spear of flaming (3)]
  1663 | D:3      | HP: 1/24 [gnoll/+0 spear of flaming (5)]
  1663 | D:3      | Slain by a gnoll

Illustrated notes

Levels and vault maps discovered:
D:1:      roderic_crossed_star, layout_loops_corners, serial_shops, shop,
          chequers_decorated_corner, minmay_crystal_room, hex_large
D:2:      layout_basic
D:3:      kennysheep_the_goblin_king, layout_rooms,
          chequers_ecumenical_altar_lobes, uniq_terence

Skill      XL: |  1  2 |
---------------+-------+-----
Short Blades   | 3 |  3.3
Fighting       | |  2.0
Throwing       | |  2.0
Dodging        | |  1.0
Stealth        | |  5.9

Action                     || total
---------------------------++-------
  Melee: Dagger            ||    38
         Constrict         ||     9
         Tentacles         ||     3
    Use: Scroll            ||     4
   Stab: Sleeping          ||    15
         Distracted        ||     1
 Armour: Skin              ||    12
  Dodge: Dodged            ||    17

Table legend: (Time is in decaauts)
 A = Elapsed time spent in this place.
 B = Non-inter-level travel time spent in this place.
 C = Inter-level travel time spent in this place.
 D = Time resting spent in this place.
 E = Time spent auto-exploring this place.
 F = Levels seen in this place.
 G = Mean time per level.
                   A        B        C        D        E       F      G
               +--------+--------+--------+--------+--------+-----+--------+
         Total |   1658 |   1607 |     51 |      0 |   1383 |   3 |  552.7 |
       Dungeon |   1658 |   1607 |     51 |      0 |   1383 |   3 |  552.7 |
               +--------+--------+--------+--------+--------+-----+--------+

Top non-repeatable levels by time:
     D:1: 953 daAuts
     D:2: 580 daAuts
     D:3: 124 daAuts

Levels and vault maps discovered:
D:1:      roderic_crossed_star, layout_loops_corners, serial_shops, shop,
          chequers_decorated_corner, minmay_crystal_room, hex_large
D:2:      layout_basic
D:3:      kennysheep_the_goblin_king, layout_rooms,
          chequers_ecumenical_altar_lobes, uniq_terence

Table legend: (Time is in decaauts)
 A = Elapsed time spent in this place.
 B = Non-inter-level travel time spent in this place.
 C = Inter-level travel time spent in this place.
 D = Time resting spent in this place.
 E = Time spent auto-exploring this place.
 F = Levels seen in this place.
 G = Mean time per level.
                   A        B        C        D        E       F      G
               +--------+--------+--------+--------+--------+-----+--------+
         Total |   1658 |   1607 |     51 |      0 |   1383 |   3 |  552.7 |
       Dungeon |   1658 |   1607 |     51 |      0 |   1383 |   3 |  552.7 |
               +--------+--------+--------+--------+--------+-----+--------+

Top non-repeatable levels by time:
     D:1: 953 daAuts
     D:2: 580 daAuts
     D:3: 124 daAuts

Table legend:
 A = Kills in this place as a percentage of kills in the entire game.
 B = Kills by you in this place as a percentage of kills by you in the entire game.
 C = Kills by friends in this place as a percentage of kills by friends in the entire game.
 D = Other kills in this place as a percentage of other kills in the entire game.
 E = Experience gained in this place as a percentage of experience gained in the entire game.
 F = Experience gained in this place divided by the number of levels of this place that you have seen.
                   A       B       C       D       E      F
               +-------+-------+-------+-------+-------+----------------------
         Total | 100.0 | 100.0 |   N/A |   N/A | 100.0 |  19.7
       Dungeon | 100.0 | 100.0 |   N/A |   N/A | 100.0 |  19.7
               +-------+-------+-------+-------+-------+----------------------
